 Dungeon Crawl Stone Soup version 0.28.0-55-gcd9437bce4 (webtiles) character file.

Game seed: 10707310599110081059

79 Atelerd the Sneak (level 4, -3/27 HPs)
             Began as an Octopode Earth Elementalist on Jan 5, 2023.
             Slain by an orc
             ... wielding a +0 hand axe
              (6 damage)
             ... on level 3 of the Dungeon.
             The game lasted 00:03:07 (2991 turns).

Atelerd the Sneak (Octopode Earth Elementalist)     Turns: 2991, Time: 00:03:07

Health: -3/27      AC:  1    Str:  7    XL:     4   Next: 38%
Magic:  7/8        EV: 13    Int: 19    God:
Gold:   49         SH:  0    Dex: 12    Spells: 4/8 levels left

rFire   . . .      SeeInvis .   g - +0 short sword
rCold   . . .      Faith    .   (no shield)
rNeg    . . .      Spirit   .   (helmet restricted)
rPois   .          Reflect  .   (no amulet)
rElec   .          Harm     .   (no ring)
rCorr   .          Rampage  .   (no ring)
Will    .....                   (no ring)
Stlth   +++.......              (no ring)
HPRegen 0.09/turn               (no ring)
MPRegen 0.11/turn               (no ring)
                                (no ring)
                                (no ring)

@: no status effects
A: almost no armour, amphibious, 8 rings, camouflage 1, gelatinous body 1,
(nimble swimmer 1), tentacles
a: no special abilities


You were on level 3 of the Dungeon.
You visited 1 branch of the dungeon, and saw 4 of its levels.

You collected 49 gold pieces.

Inventory:

Hand Weapons
 g - a +0 short sword (weapon)
Missiles
 i - 24 stones
Jewellery
 h - a ring of fire
Scrolls
 a - a scroll of blinking {unknown}
 c - 2 scrolls of identify {unknown}
 e - a scroll of teleportation {unknown}
Potions
 b - a potion of brilliance {unknown}
 d - 2 potions of degeneration {unknown}
 f - 2 potions of ambrosia {unknown}


   Skills:
 - Level 2.0 Dodging
 + Level 3.7 Stealth
 + Level 2.6 Spellcasting
 - Level 1.0 Conjurations
 - Level 2.0 Transmutations
 - Level 1.0 Air Magic
 - Level 3.1 Earth Magic
 - Level 1.0 Poison Magic


You had 4 spell levels left.
You knew the following spells:

 Your Spells              Type           Power      Damage    Failure   Level
a - Sandblast             Erth           28%        2d8       4%          1
b - Mephitic Cloud        Conj/Pois/Air  6%         N/A       30%         3

Your spell library contained the following spells:

 Spells                   Type           Power      Damage    Failure   Level
 Beastly Appendage        Tmut           20%        N/A       7%          1
 Sting                    Tmut/Pois      32%        1d4       9%          1
 Passwall                 Tmut/Erth      10%        N/A       9%          2
 Magic Dart               Conj           24%        1d4       11%         1
 Stone Arrow              Conj/Erth      20%        3d8       21%         3
 Call Imp                 Summ           2%         N/A       24%         2
 Petrify                  Tmut/Erth      12%        N/A       50%         4
 Alistair's Intoxication  Tmut/Pois      5%         N/A       93%         5
 Dragon Form              Tmut           5%         N/A       100%        7


Dungeon Overview and Level Annotations

Branches:
Dungeon (4/15)
 Temple: D:4-7

Altars:

Annotations:
D:2 exclusion: downstairs
D:4 Grinder


Innate Abilities, Weirdness & Mutations

You cannot wear most types of armour.
You are amphibious.
You can wear up to eight rings at the same time.
Your skin changes colour to match your surroundings (Stealth+).
Your rubbery body absorbs attacks. (AC +1, EV +1)
((You are camouflaged when in or above water. (Stealth+)))
You have tentacles for arms and can constrict up to eight enemies at once.


Message History

You are too injured to fight recklessly!
Casting: Sandblast (safe; 4% risk of failure)
Confirm with . or Enter, or press ? or * to list all spells.
Aiming: Sandblast (safe; 4% risk of failure)
Press: ? - help, Shift-Dir - straight line, f - orc priest
Aim: an orc priest, wielding a +0 dagger and wearing a +0 leather armour (lightly wounded, constricted by you, 100% to hit)
The blast of sand hits the orc priest!
The orc priest is severely wounded.
You constrict the orc priest.
The orc priest hits you with a +0 dagger.
* * * LOW HITPOINT WARNING * * *
Unknown command.
Casting: Sandblast (safe; 4% risk of failure)
Confirm with . or Enter, or press ? or * to list all spells.
Aiming: Sandblast (safe; 4% risk of failure)
Press: ? - help, Shift-Dir - straight line, f/p - orc priest
Aim: an orc priest, wielding a +0 dagger and wearing a +0 leather armour (severely wounded, constricted by you, 100% to hit)
The blast of sand hits the orc priest.
You kill the orc priest!
An orc comes into view. It is wielding a +0 flail.
Training target 1.0 for Poison Magic reached!
Training target 1.0 for Conjurations reached!
Training target 2.0 for Transmutations reached!
Training target 1.0 for Air Magic reached!
Your Conjurations skill increases to level 1!
Your Transmutations skill increases to level 2!
Your Air Magic skill increases to level 1!
Your Poison Magic skill increases to level 1!
You have reached level 4!
Casting: Sandblast (safe; 4% risk of failure)
Confirm with . or Enter, or press ? or * to list all spells.
Aiming: Sandblast (safe; 4% risk of failure)
Press: ? - help, Shift-Dir - straight line, f - orc
Aim: an orc, wielding a +0 hand axe and wearing a +0 ring mail (82% to hit)
The blast of sand hits the orc but does no damage.
The orc hits you with a +0 hand axe.
* * * LOW HITPOINT WARNING * * *
Unknown command.
The orc hits you with a +0 hand axe.
You die...

#.#...o.......# ######
#.#######.#### .....#
#.# #.# ####.# #.# #.#
#.# #o# #o# #.# #.# #.#
####.########.# #.#
............$.#######.#
#########.......@o.o..#
###############


You could see 2 orcs.

Vanquished Creatures
  An orc priest (D:3)
  A worm (D:2)
  A dart slug (D:2)
  10 ball pythons
  4 bats
  3 endoplasms
  6 goblins
  6 hobgoblins
  4 kobolds
  2 quokkas
  2 frilled lizards
  4 rats
44 creatures vanquished.

Notes
Turn   | Place    | Note
-------+----------+-------------------------------------------
     0 | D:1      | Atelerd the Octopode Earth Elementalist began the quest for
                  | the Orb.
     0 | D:1      | Reached XP level 1. HP: 11/11 MP: 3/3
   255 | D:1      | Reached XP level 2. HP: 17/17 MP: 3/5
   466 | D:1      | Got Joalom's Grimoire of Moulding
   540 | D:1      | Found a faded altar of an unknown god.
  1294 | D:2      | Reached XP level 3. HP: 21/21 MP: 4/6
  1298 | D:2      | Learned a level 3 spell: Mephitic Cloud
  2693 | D:4      | Noticed a sky beast
  2725 | D:4      | Noticed Grinder
  2949 | D:3      | Reached skill level 1 in Conjurations
  2949 | D:3      | Reached skill level 1 in Air Magic
  2949 | D:3      | Reached skill level 1 in Poison Magic
  2949 | D:3      | Reached XP level 4. HP: 4/27 MP: 4/8
  2991 | D:3      | Slain by an orc

Illustrated notes

Levels and vault maps discovered:
D:1:      psy_arrival_wood_between_worlds, layout_loops_ring,
          hellmonk_ecumenical_altar_inner_sanctum
D:2:      layout_loops_ring
D:3:      layout_loops_ring, gammafunk_temple_overflow_forgotten
D:4:      layout_gridville, ebering_ghost_rock_garden, serial_shops, shop,
          uniq_grinder, uniq_robin, uniq_blork_the_orc

Skill      XL: |  1  2  3 |
---------------+----------+-----
Stealth        | 3 |  3.7
Conjurations   | 1 |  1.0
Transmutations | 2 |  2.0
Air Magic      | 1 |  1.0
Poison Magic   | 1 |  1.0
Dodging        | |  2.0
Spellcasting   | |  2.6
Earth Magic    | |  3.1

Action                   |  1- 3 |  4- 6 || total
-------------------------+-------+-------++-------
Melee: Unarmed           |    19 |       ||    19
       Constrict         |    18 |       ||    18
       Tentacles         |     7 |       ||     7
       Punch             |     1 |       ||     1
       Short sword       |    39 |       ||    39
 Cast: Sandblast         |    34 |     1 ||    35
       Mephitic Cloud    |     3 |       ||     3
 Stab: Sleeping          |     9 |       ||     9
       Distracted        |     1 |       ||     1
Armor: Skin              |     8 |       ||     8
Dodge: Dodged            |    41 |       ||    41
